 Dungeon Crawl Stone Soup version 0.22-a0-136-g83a10e5 (webtiles) character file.

4399 tof the Basher (level 10, -2/89 HPs)
             Began as a Minotaur Fighter on Feb 2, 2018.
             Was an Elder of Okawaru.
             Slain by an orc warrior
             ... wielding a +3 battleaxe
              (15 damage)
             ... on level 8 of the Dungeon.
             The game lasted 00:11:11 (8444 turns).

tof the Basher (Minotaur Fighter)                   Turns: 8444, Time: 00:11:11

Health: -2/89      AC: 10    Str: 21    XL:     10   Next: 13%
Magic:  13/13      EV:  9    Int:  5    God:    Okawaru [****..]
Gold:   459        SH: 11    Dex: 13    Spells: 9/9 levels left

rFire    . . .     SeeInvis .   w - +2 whip (flame)
rCold    + . .     Gourm    +   c - +0 shield
rNeg     . . .     Faith    .   j - +1 ring mail {rC+}
rPois    +         Spirit   .   (helmet restricted)
rElec    .         Reflect  .   q - +1 cloak {rPois}
rCorr    .         Harm     .   (no gloves)
MR       .....                  (no boots)
Stlth    +.........             H - amulet of the gourmand
HPRegen  0.24/turn              (no ring)
MPRegen  0.13/turn              (no ring)

@: no status effects
A: retaliatory headbutt, horns 2
a: Heroism, Renounce Religion


You were on level 8 of the Dungeon.
You worshipped Okawaru.
Okawaru was greatly pleased with you.
You were not hungry.

You visited 1 branch of the dungeon, and saw 8 of its levels.

You collected 459 gold pieces.

Inventory:

Hand Weapons
 w - a +2 whip of flaming (weapon)
Missiles
 G - 3 tomahawks (quivered)
Armour
 c - a +0 shield (worn)
 j - a +1 ring mail of cold resistance (worn)
 q - a +1 cloak of poison resistance (worn)
Jewellery
 y - an uncursed amulet of guardian spirit
 H - an amulet of the gourmand (around neck)
Wands
 m - a wand of acid (9)
 s - a wand of flame (15)
 v - a wand of paralysis (15)
 D - a wand of disintegration (11)
 E - a wand of scattershot (6)
 F - a wand of digging (23)
Scrolls
 a - a scroll of identify
 b - 6 scrolls of teleportation
 h - a scroll of enchant armour
 i - 4 scrolls of remove curse
 k - 3 scrolls of blinking
 n - 2 scrolls of fear
 o - a scroll of magic mapping
Potions
 d - 2 potions of might
 e - a potion of cancellation
 g - a potion of degeneration
 l - 2 potions of lignification {unknown}
 p - 4 potions of curing {unknown}
 x - a potion of brilliance {unknown}
 C - 2 potions of agility {unknown}
Books
 u - a book of Cantrips

   Spells                             Type                      Level
   a - Confusing Touch                Hexes                        1
   b - Animate Skeleton               Necromancy                   1
   c - Summon Small Mammal            Summoning                    1
   d - Apportation                    Translocation                1
 B - a book of Frost

   Spells                             Type                      Level
   a - Freeze                         Ice                          1
   b - Throw Frost                    Conjuration/Ice              2
   c - Ozocubu's Armour               Charms/Ice                   3
   d - Throw Icicle                   Conjuration/Ice              4
   e - Summon Ice Beast               Ice/Summoning                4
Comestibles
 f - 15 rations


   Skills:
 + Level 8.3 Fighting
 * Level 10.5 Maces & Flails
 + Level 8.2 Armour
 + Level 8.2 Shields
 + Level 5.4 Invocations


You had 9 spell levels left.
You didn't know any spells.

Dungeon Overview and Level Annotations

Branches:
Dungeon (8/15)             Temple (0/1) D:7            Lair (0/6) D:8

Altars:
Okawaru

Annotations:
D:6 dig


Innate Abilities, Weirdness & Mutations

You reflexively headbutt those who attack you in melee.
You have a pair of horns on your head.


Message History

You hit the orc warrior but do no damage.
The orc warrior is severely wounded.
The orc hits you but does no damage.
You closely miss the orc warrior.
You headbutt the orc warrior, but do no damage.
The orc warrior is severely wounded.
You block the orc warrior's attack.
You closely miss the orc warrior.
The orc warrior is severely wounded.
You block the orc's attack.
You hit the orc warrior but do no damage.
You headbutt the orc warrior, but do no damage.
The orc warrior is severely wounded.
The orc warrior hits you with an enchanted battleaxe!
* * * LOW HITPOINT WARNING * * *
You hit the orc warrior but do no damage.
The orc warrior is severely wounded.
You block the orc's attack.
The orc warrior hits you with an enchanted battleaxe!
You die...

#.......# #...##...#
#..%.... #...####.##
#(.....# #...#()))..
#......####...#)##<##
#......#......#.####
#...o..#......#.#
#...o..#........#
#oo# ####.....# ##@#
#.......#
#.####.#.#####
#.#.....(#
#####........#
#............#
#............#
#.......##.#.#
#######.##.#.#
#.##.#.#


You could see an orc warrior, an orc wizard and 2 orcs.

Vanquished Creatures
  Pikel (D:5)
  Joseph (D:7)
  Grinder (D:5)
  A hippogriff (D:8)
  The ghost of Xenophilius the Ruffian, an amateur TrFi (D:4)
  The ghost of arkorax the Ducker, an amateur OpFi (D:3)
  An orc warrior (D:7)
  3 sky beasts (D:6)
  An ice beast (D:8)
  5 ogres
  A phantom (D:7)
  2 centaurs
  A big kobold (D:8)
  3 bullfrogs
  2 scorpions
  5 killer bees (D:7)
  5 wights (D:6)
  3 howler monkeys
  5 crimson imps
  A bullfrog zombie (D:5)
  3 hounds
  2 orc priests (D:6)
  2 jellies
  Crazy Yiuf (D:2)
  An iguana (D:8)
  6 worker ants
  2 orc wizards
  A hound zombie (D:6)
  A hound skeleton (D:4)
  4 adders
  A howler monkey skeleton (D:5)
  6 gnolls
  An adder skeleton (D:7)
  A worm (D:3)
  A dart slug (D:1)
  7 leopard geckos
  15 orcs
  10 bats
  16 giant cockroaches
  9 goblins
  9 hobgoblins
  11 jackals
  16 kobolds
  3 quokkas
  A ball python skeleton (D:4)
  4 frilled lizards
  3 rats (D:2)
181 creatures vanquished.

Vanquished Creatures (others)
  An adder (D:5)
  3 jackals (D:5)
4 creatures vanquished.

Grand Total: 185 creatures vanquished

Notes
Turn   | Place    | Note
-------+----------+-------------------------------------------
     0 | D:1      | tof the Minotaur Fighter began the quest for the Orb.
     0 | D:1      | Reached XP level 1. HP: 19/19 MP: 0/0
    42 | D:1      | Reached XP level 2. HP: 22/27 MP: 1/1
   231 | D:1      | Reached skill level 3 in Maces & Flails
   535 | D:1      | Reached XP level 3. HP: 29/33 MP: 2/2
  1370 | D:2      | Found a faded altar of an unknown god.
  1647 | D:2      | Found a runed door.
  1737 | D:2      | Reached XP level 4. HP: 40/40 MP: 3/3
  1958 | D:2      | Noticed Crazy Yiuf
  1962 | D:2      | Killed Crazy Yiuf
  1962 | D:2      | Reached skill level 4 in Maces & Flails
  2038 | D:3      | Found an iron altar of Okawaru.
  2278 | D:3      | Became a worshipper of Warmaster Okawaru
  2325 | D:3      | Reached XP level 5. HP: 43/47 MP: 4/4
  2332 | D:3      | Noticed arkorax's ghost (amateur OpFi)
  2338 | D:3      | Killed arkorax's ghost
  2338 | D:3      | Reached skill level 5 in Maces & Flails
  2338 | D:3      | Reached skill level 1 in Invocations
  2338 | D:3      | Reached XP level 6. HP: 51/55 MP: 5/5
  2561 | D:3      | Reached * piety under Okawaru
  2804 | D:4      | Noticed Xenophilius's ghost (amateur TrFi)
  2808 | D:4      | Reached skill level 5 in Armour
  3065 | D:4      | Reached skill level 5 in Fighting
  3320 | D:4      | Killed Xenophilius's ghost
  3320 | D:4      | Reached skill level 5 in Shields
  3694 | D:4      | Reached XP level 7. HP: 56/61 MP: 7/7
  4248 | D:5      | Entered Level 5 of the Dungeon
  4274 | D:5      | Reached skill level 6 in Maces & Flails
  4356 | D:5      | Noticed Grinder
  4373 | D:5      | Killed Grinder
  4597 | D:5      | Reached XP level 8. HP: 70/70 MP: 9/9
  4599 | D:5      | Reached skill level 7 in Maces & Flails
  4731 | D:5      | Noticed Pikel
  4747 | D:5      | Killed Pikel
  5335 | D:6      | Reached skill level 8 in Maces & Flails
  5539 | D:6      | Reached ** piety under Okawaru
  6120 | D:6      | Reached XP level 9. HP: 79/79 MP: 9/11
  6291 | D:6      | Reached skill level 9 in Maces & Flails
  6376 | D:6      | Reached *** piety under Okawaru
  7108 | D:7      | Noticed Joseph
  7130 | D:7      | Killed Joseph
  7135 | D:7      | Reached skill level 5 in Invocations
  7136 | D:7      | Reached skill level 10 in Maces & Flails
  7390 | D:7      | Found a staircase to the Ecumenical Temple.
  7541 | D:7      | Reached **** piety under Okawaru
  8072 | D:7      | Got a pitted platinum ring
  8073 | D:7      | Identified the cursed ring of Civiaz {rPois rF- Dex-4 Stlth+} (You found it on level 7 of the Dungeon)
  8141 | D:8      | Reached XP level 10. HP: 67/88 MP: 12/12
  8395 | D:8      | Found a staircase to the Lair.
  8444 | D:8      | Slain by an orc warrior

Vault maps used:
D:1:      minmay_arrival_pointy, minmay_strange_pillars, kennysheep_crisscross
D:2:      minmay_roachtagon, chequers_ecumenical_altar_simple_redux,
          serial_bayou_crossing, uniq_crazy_yiuf_cottage
D:3:      serial_corexii_hall, corexii_hall_statues_s, corexii_hall_statues_x,
          first_ration, okawaru_altar_gauntlet_db
D:5:      uniq_pikel, uniq_grinder
D:6:      serial_corexii_hall, corexii_hall_statues_x, corexii_hall_statues_i,
          corexii_hall_statues_s, lightli_corner_chamber
D:7:      minmay_temple_entry_large_hall, uniq_joseph
D:8:      lair_entry_dummy

Skill      XL: |  1  2  3  4  5  6  7  8  9 |
---------------+----------------------------+-----
Maces & Flails | 3 4 5 6 8 10 | 10.5
Armour         | 4 5 6 7 8 |  8.2
Fighting       | 4 5 7 8 |  8.3
Shields        | 4 5 6 8 |  8.2
Invocations    | 1 2 4 5 |  5.4

Action                   |  1- 3 |  4- 6 |  7- 9 | 10-12 || total
-------------------------+-------+-------+-------+-------++-------
Melee: Flail             |   126 |   140 |    70 |       ||   336
       Headbutt          |    17 |    24 |    69 |    11 ||   121
       Whip              |       |       |   283 |    46 ||   329
Throw: Tomahawk          |       |       |     9 |       ||     9
  Use: Scroll            |       |       |    11 |       ||    11
  Eat: Chunk             |     2 |     4 |    10 |    10 ||    26
       Ration            |       |     1 |     1 |       ||     2
Armor: Scale mail        |    13 |       |       |       ||    13
       Ring mail         |    25 |    78 |   134 |    12 ||   249
Dodge: Dodged            |    42 |    65 |   114 |    10 ||   231
Block: Shield            |    57 |    95 |   195 |    20 ||   367

Table legend:
 A = Spawn XP
 B = Non-spawn XP
 C = Spawn XP percentage of total XP
 D = Spawn monster count
 E = Non-spawn monster count
 F = Spawn count percentage of total count
 G = Total turns spent on level
                    A         B        C        D         E        F      G
               +---------+---------+-------+---------+---------+-------+---------
         Total |       0 |    6285 |   0.0 |       0 |     181 |   0.0 |  8444
               +---------+---------+-------+---------+---------+-------+---------
           D:1 |       0 |      58 |   0.0 |       0 |      28 |   0.0 |  1073
           D:2 |       0 |      92 |   0.0 |       0 |      26 |   0.0 |   951
           D:3 |       0 |     310 |   0.0 |       0 |      23 |   0.0 |  1193
           D:4 |       0 |     390 |   0.0 |       0 |      12 |   0.0 |  1031
           D:5 |       0 |    1307 |   0.0 |       0 |      10 |   0.0 |  1348
           D:6 |       0 |    1424 |   0.0 |       0 |      37 |   0.0 |  1067
           D:7 |       0 |    1843 |   0.0 |       0 |      31 |   0.0 |  1467
           D:8 |       0 |     861 |   0.0 |       0 |      14 |   0.0 |   314
               +---------+---------+-------+---------+---------+-------+---------
